 Dungeon Crawl Stone Soup version 0.29.1-15-g9cfb28693d (webtiles) character file.

Game seed: 11288967211904288901

111 booth the Trooper (level 4, -1/30 HPs)
             Began as a Gargoyle Monk on Feb 22, 2023.
             Was an Initiate of Gozag.
             Splashed by a jelly's acid (11 damage)
             ... on level 4 of the Dungeon on Feb 23, 2023.
             The game lasted 00:18:41 (3362 turns).

booth the Trooper (Gargoyle Monk)                   Turns: 3362, Time: 00:18:42

Health: -1/30      AC: -2    Str: 16    XL:     4   Next: 92%
Magic:  4/4        EV: 13    Int: 11    God:    Gozag
Gold:   139        SH:  4    Dex: 18    Spells: 3/3 levels left

rFire   . . .      SeeInvis .   a - +0 mace
rCold   . . .      Faith    .   (no shield)
rNeg    + . .      Spirit   .   b - +0 robe
rPois   ∞          Reflect  .   i - +0 hat
rElec   +          Harm     .   (no cloak)
rCorr   .          Rampage  .   (no gloves)
Will    .....                   (no boots)
Stlth   ++........              (no amulet)
HPRegen 0.10/turn               g - +6 ring of dexterity
MPRegen 0.09/turn               (no ring)

@: corroded
A: sickness immunity, AC +3, negative energy resistance 1, electricity
resistance, torment resistance 1, petrification resistance, claws 1, large bone
plates 1, MP-powered wands
a: Renounce Religion, Potion Petition, Call Merchant, Bribe Branch


You were on level 4 of the Dungeon.
You worshipped Gozag.
Gozag was aware of your devotion.
You visited 2 branches of the dungeon, and saw 5 of its levels.

You collected 139 gold pieces.

Inventory:

Hand Weapons
 a - a +0 mace (weapon)
 o - the +1 trident of Symmetry {antimagic, Fly}
   (You found it on level 4 of the Dungeon)

   It reduces the magical energy of the wielder, and disrupts the spells and
   magical abilities of those it strikes.
   Natural abilities and divine invocations are not affected.
   Fly:       It grants you flight.
Missiles
 p - 2 atropa-tipped darts (quivered)
Armour
 b - a +0 robe (worn)
 h - a +0 leather armour
 i - a +0 hat (worn)
Jewellery
 g - a +6 ring of dexterity (left claw)
Scrolls
 e - 2 scrolls of amnesia {unknown}
 f - a scroll of teleportation
 k - a scroll of poison
 m - 2 scrolls of identify
 n - a scroll of vulnerability {unknown}
 q - a scroll of enchant armour {unknown}
Potions
 c - a potion of ambrosia
 d - a potion of flight
 j - 2 potions of curing
 l - a potion of haste {unknown}


   Skills:
 + Level 4.3 Fighting
 + Level 3.9 Maces & Flails
 + Level 0.1 Throwing
 + Level 3.0 Dodging
 + Level 2.8 Stealth
 + Level 0.1 Shields


You had 3 spell levels left.
You didn't know any spells.
Your spell library was empty.

Dungeon Overview and Level Annotations

Branches:
Dungeon (4/15)             Temple (1/1) D:4

Altars:
Ashenzari
Cheibriados
Dithmenos
Elyvilon
Fedhas
Gozag
Hepliaklqana
Kikubaaqudgha
Makhleb
Nemelex Xobeh
Qazlal
Ru
Vehumet
Wu Jian
Xom
Zin
The Shining One


Innate Abilities, Weirdness & Mutations

You are immune to sickness and miasma.
Your stone body is resilient. (AC +3)
You are immune to poison.
You resist negative energy. (rN+)
You are resistant to electric shocks. (rElec)
You are resistant to unholy torment.
You are immune to petrification.
You have sharp fingernails.
You are partially covered in large bone plates. (SH +4)
You expend magic power (3 MP) to strengthen your wands.


Message History

(V) Vehumet (W) Wu Jian (X) Xom (Z) Zin (1) TSO Go to which altar? (? - help)
There is a blossoming altar of Fedhas here.
There is an open door here.
There is an open door here.
There is an open door here.
There is an opulent altar of Gozag here.
You kneel at the altar of Gozag.
Gozag welcomes you!
Gozag waives the service fee.
You have 139 gold pieces.
Unknown command.
Press < or > to pray at altars.
Okay, then.
(D) Dungeon (T) Temple
Where to? (Enter - Temple @ (x,y), ? - help)
There is an open door here.
There is an open door here.
There is a staircase back to the Dungeon here.
You climb upwards.
Welcome back to the Dungeon!
There is a staircase to the Ecumenical Temple here.
There is an open door here.
You open the door.
Found a stone staircase leading up.
There is an open door here.
There is a stone staircase leading up here.
A jelly comes into view.
The jelly quivers.
You hit the jelly.
Your claws burn!
The jelly is lightly wounded.
The jelly barely misses you.
You sock the jelly! The acid corrodes you!
Your claws burn!
The jelly is severely wounded.
The jelly hits you. The acid corrodes you!
You are splashed with acid!
You hit the jelly.
Your claws burn!
The jelly is almost dead.
The jelly hits you.
You are splashed with acid!
You die...
Your body crumbles into a pile of gold.

#############
......J@....#
###########<####
## #....# ..
####'### .#
#.....# .# . ###
#.#'#.###
.####.. ...
+.#>#.'.#
....... #.#
#.###.#.#
....... #.#
#.....#.#


You could see a jelly.

Vanquished Creatures
  A scorpion (D:4)
  An adder (D:3)
  2 worms
  An orc (D:3)
  5 ball pythons
  4 bats
  3 endoplasms
  2 giant cockroaches
  4 goblins
  3 hobgoblins
  A quokka (D:2)
  3 frilled lizards
  6 kobolds
  3 rats
39 creatures vanquished.

Notes
Turn   | Place    | Note
-------+----------+-------------------------------------------
     0 | D:1      | booth the Gargoyle Monk began the quest for the Orb.
     0 | D:1      | Reached XP level 1. HP: 14/14 MP: 1/1
   317 | D:1      | Reached XP level 2. HP: 19/19 MP: 2/2
   513 | D:1      | Found a faded altar of an unknown god.
  1535 | D:2      | Reached XP level 3. HP: 24/24 MP: 3/3
  1740 | D:2      | Gained mutation: You are partially covered in large bone
                  | plates. (SH +4) [potion of mutation]
  1740 | D:2      | Gained mutation: You have sharp fingernails. [potion of
                  | mutation]
  1740 | D:2      | Gained mutation: You expend magic power (3 MP) to
                  | strengthen your wands. [potion of mutation]
  2123 | D:3      | Reached skill level 4 in Fighting
  2207 | D:3      | Found a shimmering altar of Xom.
  2207 | D:3      | Found an ornate altar of the Wu Jian Council.
  2557 | D:4      | Identified the +1 trident of Symmetry {antimagic, Fly}
  2591 | D:4      | Noticed a black bear
  2745 | D:4      | Noticed a scorpion
  2758 | D:4      | Killed a scorpion
  2759 | D:4      | Reached XP level 4. HP: 9/30 MP: 4/4
  3053 | D:4      | Found a staircase to the Ecumenical Temple.
  3064 | Temple   | Entered the Ecumenical Temple
  3327 | Temple   | Became a worshipper of Gozag Ym Sagoz the Greedy
  3362 | D:4      | Splashed by a jelly's acid

Illustrated notes

Levels and vault maps discovered:
D:1:      elethiomel_arrival_infinity_welcomes_careful_drivers, layout_rooms,
          hellmonk_ecumenical_altar_heavens_door
D:2:      layout_basic, nicolae_hexahallways, kennysheep_generic_room_9
D:3:      layout_rooms, gammafunk_temple_overflow_elements
D:4:      layout_loops_ring, minmay_temple_entry_glassed_door,
          gammafunk_ghost_icy
Temple:   regret_index_temple_generic_petals

Skill      XL: |  1  2  3 |
---------------+----------+-----
Fighting       | 4 |  4.3
Dodging        | 3 |  3.0
Maces & Flails | |  3.9
Throwing       | |  0.1
Stealth        | |  2.8
Shields        | |  0.1

Action                   |  1- 3 |  4- 6 || total
-------------------------+-------+-------++-------
Melee: Mace              |   139 |     6 ||   145
Throw: Dart              |     3 |       ||     3
  Use: Scroll            |     7 |       ||     7
       Potion            |     2 |       ||     2
 Stab: Sleeping          |     5 |       ||     5
Armor: Robe              |    45 |       ||    45
Dodge: Dodged            |    88 |     2 ||    90
Block: Other             |     8 |       ||     8
